AoeStats
← Tarongil

MegaRandom

509432187Analyzed
4v4 RM · 5d ago on Sep 26, 2026· 29m 35s· 8 players
Game mode
Random Map
Map size
Large (8 player)
Population
200
Speed
Normal
Resources
Standard
Victory
Conquest
Starting age
Dark Age
Ending age
Imperial Age
RankedLock teamsTeams togetherTeam positionsShared explorationLock speedFull tech treeHidden civsTurbo modeCheats
Victory
Defeat
🇬🇧 Saracens · United Kingdom
1314
+12
🇬🇧 Ethiopians · United Kingdom
1294
+13
🇦🇷 Shu · Argentina
1270
+14
🇦🇷 Berbers · Argentina
1244
+15
🇸🇪 Varangians · Sweden
1336
-17
🇸🇪 Danes · Sweden
1335
-18
🇬🇧 Britons · United Kingdom
1183
-12
🇸🇪 Goths · Sweden
1031
-7
Bravo
11:19 Feudal Age
12:06 Loom
16:17 Castle Age
14:17 Double-Bit Axe
15:07 Horse Collar
16:18 Gold Mining
16:37 Crossbowman
17:37 Fletching
18:33 Bodkin Arrow
21:47 Town Watch
22:17 Bow Saw
22:46 Gold Shaft Mining
24:20 Ballistics
24:20 Padded Archer Armor
25:18 Wheelbarrow
DizzyLeChuck
9:24 Loom
11:53 Feudal Age
13:08 Double-Bit Axe
15:40 Castle Age
13:51 Fletching
14:01 Padded Archer Armor
15:08 Horse Collar
16:59 Bow Saw
16:51 Heavy Plow
16:59 Gold Mining
17:53 Bodkin Arrow
18:17 Crossbowman
21:33 Ballistics
22:07 Thumb Ring
23:21 Leather Archer Armor
AoR | StubbyTheAngryBeaver
6:02 Loom
12:33 Feudal Age
16:52 Castle Age
14:53 Double-Bit Axe
20:51 Bow Saw
21:18 Fishing Lines
22:21 Gillnets
26:25 Wheelbarrow
27:03 Stone Mining
27:08 Gold Mining
27:42 Hand Cart
29:42 Gold Shaft Mining
Sofi (Taylor's Version)
11:09 Feudal Age
12:49 Loom
15:45 Castle Age
14:44 Double-Bit Axe
18:31 Wheelbarrow
24:05 Bloodlines
24:13 Horse Collar
26:01 Scale Barding Armor
31:22 Imperial Age
Tarongil
9:40 Loom
11:27 Feudal Age
15:47 Castle Age
13:39 Double-Bit Axe
15:44 Horse Collar
15:56 Gold Mining
16:57 Bow Saw
21:40 Wheelbarrow
21:49 Fishing Lines
23:02 Fletching
25:03 Heavy Plow
26:44 Hand Cart
31:57 Imperial Age
tommybee
8:03 Loom
11:32 Feudal Age
17:11 Castle Age
21:28 Wheelbarrow
24:10 Fletching
25:24 Bodkin Arrow
29:56 Padded Archer Armor
Bacarah
11:22 Feudal Age
15:14 Castle Age
13:16 Loom
13:43 Double-Bit Axe
14:29 Horse Collar
16:25 Bow Saw
18:01 Loom
21:39 Wheelbarrow
25:03 Hand Cart
adam.stendahl
13:15 Feudal Age
19:53 Castle Age
17:54 Fishing Lines
19:42 Gold Mining
19:44 Double-Bit Axe
21:10 Horse Collar
21:36 Gillnets
23:27 Squires
26:40 Wheelbarrow
Connection lost

Rejoining the realm…

Still unreachable

The connection could not be restored.

Session expired

The server has moved on; the page needs a fresh start.